 Dungeon Crawl Stone Soup version 0.24.0-3-g28a8eb0610 (webtiles) character file.

Game seed: 5190653818519951458, levelgen mode: deterministic

2224 Acheron the Covert (level 9, -1/44 HPs)
             Began as a Vine Stalker Assassin on Nov 1, 2019.
             Was a Follower of Dithmenos.
             Slain by an unseen horror (5 damage)
             ... on level 7 of the Dungeon.
             The game lasted 00:56:18 (6158 turns).

Acheron the Covert (Vine Stalker Assassin)          Turns: 6158, Time: 00:56:18

Health: -1/44      AC:  8    Str: 16    XL:     9   Next: 35%
Magic:  0/13       EV: 13    Int: 11    God:    Dithmenos [*.....]
Gold:   455        SH:  0    Dex: 19    Spells: 8/12 levels left

rFire    . . .     SeeInvis .   a - +3 dagger
rCold    + . .     Gourm    .   (no shield)
rNeg     . . .     Faith    .   J - +3 leather armour {rC+}
rPois    .         Spirit   +   (no helmet)
rElec    .         Reflect  .   j - scarf {repulsion}
rCorr    +         Harm     .   q - +1 pair of gloves
MR       +....                  (no boots)
Stlth    +++++.....             (no amulet)
HPRegen  0.54/turn              l - ring of resist corrosion
MPRegen  0.13/turn              I - +2 ring of strength

@: very slightly contaminated, wreathed by umbra, repel missiles
A: fangs 3, regeneration 1, magic shield, antimagic bite, no potion heal 3, rot
immunity
a: Renounce Religion


You were on level 7 of the Dungeon.
You worshipped Dithmenos.
Dithmenos was aware of your devotion.
You were not hungry.

You visited 2 branches of the dungeon, and saw 11 of its levels.

You collected 455 gold pieces.

Inventory:

Hand Weapons
 a - a +3 dagger (weapon)
 m - a +0 whip of venom
 w - a +1 war axe
 y - the +3 dagger of Exted {pierce, -Tele rPois Int+2}
   (You found it on level 5 of the Dungeon)

   It inflicts extra damage upon your enemies.
   It affects your intelligence (+2).
   It protects you from poison.
   It prevents most forms of teleportation.
 G - a +0 hand crossbow
 M - a +0 rapier
Missiles
 d - 26 poisoned darts
 e - 4 curare-tipped darts
 h - 13 boomerangs
 i - 123 sling bullets
 k - 112 stones
 s - 45 bolts
 t - 13 javelins (quivered)
 u - a throwing net
Armour
 c - a +0 cloak
 j - a scarf of repulsion (worn)
 q - a +1 pair of gloves (worn)
 J - a +3 leather armour of cold resistance (worn)
Jewellery
 l - a ring of resist corrosion (left hand)
 H - an uncursed ring of ice
 I - a +2 ring of strength (right hand)
Wands
 n - a wand of polymorph (6)
 r - a wand of scattershot (7)
 K - a wand of acid (5)
 P - a wand of enslavement (9)
Scrolls
 x - a scroll of magic mapping
 A - a scroll of fear
 C - 2 scrolls of remove curse
 D - a scroll of blinking
Potions
 b - 2 potions of brilliance {unknown}
 g - a potion of agility
 o - 5 potions of curing
 p - a potion of berserk rage {unknown}
 v - 3 potions of ambrosia
 z - 2 potions of cancellation
 B - a potion of experience {unknown}
 E - 2 potions of flight
 O - 2 potions of degeneration {unknown}
Comestibles
 f - 9 rations


   Skills:
 * Level 3.4 Fighting
 * Level 5.2 Short Blades
 * Level 1.9 Axes
 * Level 3.7 Throwing
 * Level 2.7 Armour
 * Level 3.0 Dodging
 * Level 8.7 Stealth
 * Level 2.1 Spellcasting
 * Level 0.6 Hexes
 * Level 0.7 Summonings
 * Level 0.6 Translocations
 * Level 2.0 Invocations
 * Level 2.9 Evocations


You had 8 spell levels left.
You knew the following spells:

 Your Spells              Type           Power        Failure   Level  Hunger
a - Apportation           Tloc           #.....       26%         1    ##.....
b - Confusing Touch       Hex            #.....       26%         1    ##.....
c - Summon Small Mammal   Summ           #...         26%         1    ##.....
d - Animate Skeleton      Necr           N/A          34%         1    ##.....

Your spell library contained the following spells:

 Spells                   Type           Power        Failure   Level  Hunger


Dungeon Overview and Level Annotations

Branches:
Dungeon (10/15)            Temple (1/1) D:6
   Lair: D:8-11         Orc: D:9-12

Altars:
Ashenzari
Cheibriados
Dithmenos
Elyvilon
Fedhas
Gozag
Hepliaklqana
Makhleb
Nemelex Xobeh
Okawaru
Qazlal
Ru
Sif Muna
Trog
Uskayaw
Vehumet
Xom
Yredelemnul
Zin
The Shining One

Annotations:
D:3 exclusion: downstairs
D:4 Natasha
D:6 Dowan, Duvessa, Edmund, Prince Ribbit
D:8 exclusion: downstairs
D:9 exclusion: downstairs, Joseph


Innate Abilities, Weirdness & Mutations

You have razor-sharp teeth.
Your natural rate of healing is unusually fast.
When hurt, damage is shared between your health and your magic reserves.
Your bite disrupts and absorbs the magic of your enemies.
Potions cannot restore your health.
You are immune to rotting.


Message History

You hear a splashing noise.
Something hits you!
* * * LOW HITPOINT WARNING * * *
As you read the scroll of teleportation, it crumbles to dust.
You feel strangely unstable. Something hits you.
* * * LOW HITPOINT WARNING * * *
Your surroundings suddenly seem different.
Splash!
You fall into the shallow water.
Moving in this stuff is going to be slow.
You hear a splashing noise.
Something barely misses you.
You hear a splashing noise.
Something hits you but does no damage. Something hits you!
* * * LOW HITPOINT WARNING * * *
You open the door. Something barely misses you.
An electric eel comes into view.
Something hits you but does no damage. Something hits you.
You die...

#.####
#..#####≈#
#....#
##.##≈;≈##
###.##
#..#;≈(≈;# ≈##
#.#####.##[..≈(#
#≈#
#.......##?..P≈#
#≈#
#######.##≈P.≈.#
#≈#
#######.##.....#
#≈#
#.....[.##.....#
#≈#
#.#####.###@..#
#.# #.#
###..##### #.#
#.#####
##..≈≈≈##+ ##.#
#.....#
#####≈..####≈##
#####'######
###...≈≈##
#........#
#######
#........#
#..<.....#
#........#


You could see 3 electric eels.

Vanquished Creatures
  Grinder (D:4)
  A slime creature (D:9)
  A hungry ghost (D:6)
  2 ice beasts
  A necrophage (D:9)
  5 ogres
  2 centaurs
  A big kobold (D:8)
  A bullfrog (D:8)
  A water moccasin skeleton (D:6)
  A crimson imp (D:9)
  A centaur zombie (D:5)
  3 hounds
  3 orc priests (D:5)
  3 orc wizards (D:7)
  Jessica (D:3)
  Natasha (D:4)
  4 worker ants
  A hound skeleton (D:4)
  A worker ant zombie (D:7)
  5 adders
  4 gnolls
  2 oozes
  2 worms
  2 adder skeletons (D:6)
  7 leopard geckos
  5 orcs
  3 bats
  7 giant cockroaches
  5 hobgoblins
  16 jackals
  3 quokkas (D:6)
  2 ball pythons
  5 frilled lizards
  4 goblins
  5 kobolds
  7 rats
119 creatures vanquished.

Notes
Turn   | Place    | Note
-------+----------+-------------------------------------------
     0 | D:1      | Acheron the Vine Stalker Assassin began the quest for the
                  | Orb.
     0 | D:1      | Reached XP level 1. HP: 11/11 MP: 2/2
    60 | D:1      | Reached skill level 5 in Stealth
   391 | D:1      | Reached XP level 2. HP: 15/15 MP: 3/3
   658 | D:2      | Found a blossoming altar of Fedhas.
   753 | D:2      | Found a sparkling altar of Nemelex Xobeh.
   784 | D:2      | Reached skill level 1 in Dodging
   784 | D:2      | Reached XP level 3. HP: 16/18 MP: 4/4
  1514 | D:4      | Noticed Natasha
  1558 | D:3      | Noticed Jessica
  1570 | D:3      | Killed Jessica
  1570 | D:3      | Gained mutation: Your natural rate of healing is unusually
                  | fast. [Vine Stalker growth]
  1570 | D:3      | Reached XP level 4. HP: 15/23 MP: 5/5
  1762 | D:4      | Reached skill level 6 in Stealth
  2252 | D:3      | Reached XP level 5. HP: 16/26 MP: 3/6
  2444 | D:4      | Killed Natasha
  2486 | D:4      | Reached skill level 1 in Armour
  2486 | D:4      | Reached skill level 1 in Evocations
  2542 | D:4      | Noticed Natasha
  2554 | D:5      | Entered Level 5 of the Dungeon
  2581 | D:5      | Got an ivory dagger
  2587 | D:5      | Identified the +3 dagger of Exted {pierce, -Tele rPois
                  | Int+2} (You found it on level 5 of the Dungeon)
  2664 | D:5      | Found a white marble altar of Elyvilon.
  2681 | D:4      | Noticed Grinder
  2683 | D:4      | Killed Grinder
  2683 | D:4      | Reached skill level 7 in Stealth
  2683 | D:4      | Reached XP level 6. HP: 32/32 MP: 6/8
  2731 | D:4      | Noticed a phantom
  2750 | D:3      | Reached XP level 7. HP: 33/35 MP: 7/9
  2853 | D:4      | Found an opulent altar of Gozag.
  2858 | D:4      | Found a shimmering blue altar of Sif Muna.
  3658 | D:6      | Noticed Edmund
  3707 | D:6      | Found a staircase to the Ecumenical Temple.
  3716 | Temple   | Entered the Ecumenical Temple
  3811 | Temple   | Became a worshipper of Dithmenos the Shadowed
  3833 | D:6      | Noticed Prince Ribbit
  3988 | D:6      | Found an iron altar of Okawaru.
  4101 | D:6      | Gained mutation: You have razor-sharp teeth. [Vine Stalker
                  | growth]
  4101 | D:6      | Reached XP level 8. HP: 32/39 MP: 10/10
  4274 | D:6      | Noticed Duvessa
  4275 | D:6      | Noticed Dowan
  4482 | D:9      | Reached skill level 8 in Stealth
  4511 | D:9      | Found a bloodstained altar of Trog.
  4555 | D:9      | Noticed a slime creature
  4555 | D:9      | Noticed a slime creature
  4683 | D:8      | Reached skill level 1 in Spellcasting
  4723 | D:8      | Reached skill level 1 in Axes
  4765 | D:8      | Reached skill level 1 in Invocations
  5126 | D:7      | Reached XP level 9. HP: 25/44 MP: 12/12
  5207 | D:8      | Reached skill level 5 in Short Blades
  5214 | D:8      | Learned a level 1 spell: Apportation
  5216 | D:8      | Learned a level 1 spell: Confusing Touch
  5218 | D:8      | Learned a level 1 spell: Summon Small Mammal
  5220 | D:8      | Learned a level 1 spell: Animate Skeleton
  5295 | D:8      | Reached * piety under Dithmenos
  5567 | D:10     | Entered Level 10 of the Dungeon
  5597 | D:9      | Noticed a two-headed ogre
  5676 | D:9      | Noticed Joseph
  6158 | D:7      | Slain by an unseen horror

Levels and vault maps discovered:
D:1:      scummos_arrival_forest, layout_loops_corners
D:2:      layout_rooms, nemelex_altar_shiori, fedhas_altar_2
D:3:      layout_basic, first_ration, minmay_misc_feat_chi, feat_on_display,
          uniq_jessica
D:4:      layout_cave_pools, gammafunk_temple_overflow_pools, minitemple,
          chequers_serial_rivers_small_b, uniq_natasha, uniq_crazy_yiuf_cottage,
          uniq_grinder, uniq_menkaure
D:5:      layout_loops_ring, kennysheep_mini
D:6:      layout_gridville, okawaru_gym_becter, minmay_temple_entry_overgrown,
          uniq_prince_ribbit1, uniq_duvessa, uniq_edmund
D:7:      cheibrodos_two_vegetables, layout_basic
D:8:      layout_basic
D:9:      layout_gridville, bloody_trog, orc_0_dummy, grunt_ministairs_10,
          uniq_grum, uniq_joseph
D:10:     layout_layer_cave, hangedman_little_slice_of_home,
          jmf_multi_god_temple2, uniq_erica
Temple:   nicolae_temple_great_sept

Skill      XL: |  1  2  3  4  5  6  7  8  9 |
---------------+----------------------------+-----
Stealth        | 5 6 7 8 |  8.7
Short Blades   | 2 3 4 5 |  5.2
Dodging        | 1 2 3 |  3.0
Fighting       | 2 3 |  3.4
Throwing       | 2 3 |  3.7
Armour         | 1 2 |  2.7
Evocations     | 1 2 |  2.9
Spellcasting   | 1 2 |  2.1
Axes           | 1 |  1.9
Invocations    | 1 2 |  2.0
Hexes          | |  0.6
Summonings     | |  0.7
Translocations | |  0.6

Action                   |  1- 3 |  4- 6 |  7- 9 || total
-------------------------+-------+-------+-------++-------
Melee: Dagger            |    84 |   114 |   228 ||   426
       Bite              |    18 |    31 |    79 ||   128
Throw: Dart              |     2 |     4 |     3 ||     9
       Javelin           |       |       |    29 ||    29
Evoke: Wand              |       |       |     1 ||     1
  Use: Scroll            |     1 |     6 |    18 ||    25
       Potion            |       |       |     1 ||     1
 Stab: Sleeping          |    12 |    12 |    11 ||    35
       Distracted        |       |       |     1 ||     1
  Eat: Chunk             |     2 |     2 |     2 ||     6
       Ration            |       |     1 |     4 ||     5
Armor: Robe              |    15 |    11 |    10 ||    36
       Leather armour    |       |       |    42 ||    42
Dodge: Dodged            |    51 |    61 |   124 ||   236
       Deflected         |       |     3 |     3 ||     6
